 Dungeon Crawl Stone Soup version 0.27.1 (webtiles) character file.

Game seed: 13692321961858506286

1537 H0rd4k the Summoner (level 8, -3/54 HPs)
             Began as a Barachi Summoner on Aug 26, 2021.
             Was a Follower of Qazlal.
             Killed from afar by Dowan (30 damage)
             ... with a shard of ice
             ... on level 7 of the Dungeon.
             The game lasted 00:18:23 (10279 turns).

H0rd4k the Summoner (Barachi Summoner)             Turns: 10279, Time: 00:18:23

Health: -3/54      AC:  5    Str: 10    XL:     8   Next: 86%
Magic:  19/19      EV: 12    Int: 18    God:    Qazlal [*.....]
Gold:   210        SH:  1    Dex: 12    Spells: 18/22 levels left

rFire    . . .     SeeInvis .   (no weapon)
rCold    . . .     Faith    .   (no shield)
rNeg     . . .     Spirit   .   a - +0 robe
rPois    .         Reflect  .   (no helmet)
rElec    .         Harm     .   (no cloak)
rCorr    .         Rampage  .   (no gloves)
Will     .....                  b - +2 pair of boots
Stlth    ++........             r - amulet of magic regeneration
HPRegen  0.18/turn              (no ring)
MPRegen  0.41/turn              (no ring)

@: slow
A: amphibious, slowness 1, strong legs 1, +LOS
a: Hop, Renounce Religion


You were on level 7 of the Dungeon.
You worshipped Qazlal.
Qazlal was aware of your devotion.
You visited 2 branches of the dungeon, and saw 8 of its levels.

You collected 282 gold pieces.
You spent 72 gold pieces at shops.

Inventory:

Missiles
 m - 12 curare-tipped darts
 n - 7 poisoned darts
 t - 3 throwing nets
Armour
 a - a +0 robe (worn)
 b - a +2 pair of boots (worn)
Magical Staves
 l - a staff of earth
Jewellery
 o - an amulet of the acrobat
 r - an amulet of magic regeneration (around neck)
Wands
 q - a wand of polymorph (8)
 u - a wand of flame (21)
Scrolls
 c - 2 scrolls of teleportation {unknown}
 e - 4 scrolls of identify {unknown}
 g - a scroll of fog {unknown}
 s - a scroll of enchant weapon {unknown}
 y - a scroll of blinking {unknown}
Potions
 d - 3 potions of curing {unknown}
 f - 2 potions of haste {unknown}
 h - 2 potions of attraction {unknown}
 i - a potion of heal wounds
 j - 2 potions of cancellation {unknown}
 k - a potion of lignification {unknown}
 p - a potion of degeneration {unknown}
 v - a potion of mutation {unknown}
 w - a potion of resistance {unknown}
 x - a potion of invisibility {unknown}


   Skills:
 + Level 1.2 Fighting
 + Level 2.4 Throwing
 + Level 2.4 Dodging
 - Level 1.7 Stealth
 * Level 7.8 Spellcasting
 * Level 9.7 Summonings


You had 18 spell levels left.
You knew the following spells:

 Your Spells              Type           Power      Damage    Failure   Level
a - Summon Small Mammal   Summ           100%       N/A       1%          1
b - Call Canine Familiar  Summ           41%        N/A       1%          3

Your spell library contained the following spells:

 Spells                   Type           Power      Damage    Failure   Level
 Call Imp                 Summ           41%        N/A       1%          2
 Summon Guardian Golem    Hex/Summ       24%        N/A       4%          3
 Magic Dart               Conj           28%        1d4       10%         1
 Summon Lightning Spire   Summ/Air       24%        N/A       14%         4
 Corpse Rot               Necr/Air       N/A        N/A       16%         2
 Searing Ray              Conj           14%        3d3       16%         2
 Dispel Undead            Necr           7%         3d8       69%         4
 Fulminant Prism          Conj/Hex       3%         3d6       69%         4
 Death Channel            Necr           3%         N/A       100%        6


Dungeon Overview and Level Annotations

Branches:
Dungeon (7/15)             Temple (1/1) D:5

Altars:
Ashenzari
Cheibriados
Dithmenos
Elyvilon
Gozag
Hepliaklqana
Qazlal
Ru
Sif Muna
Trog
Vehumet
Wu Jian
Xom
Yredelemnul
The Shining One

Shops:
D:4 *

Annotations:
D:2 exclusion: downstairs
D:3 exclusion: downstairs
D:7 Dowan


Innate Abilities, Weirdness & Mutations

You are amphibious.
You cover ground slowly.
You can hop short distances.
You have an extended range of vision and can be seen from far away.


Message History

Unknown command.
You are too injured to fight recklessly!
Found a plate armour.
Casting: Summon Small Mammal (safe; 1% risk of failure)
Confirm with . or Enter, or press ? or * to list all spells.
Your wolf barely misses Dowan.
Dowan misses your quokka.
Your wolf completely misses Dowan.
Dowan hits your quokka with a +0 dagger.
Your wolf bites Dowan.
Your quokka closely misses Dowan.
Dowan hits your wolf with a +0 dagger.
Your wolf bites Dowan!
Your quokka barely misses Dowan.
Dowan completely misses your wolf.
Your wolf bites Dowan.
Your quokka closely misses Dowan.
Your wolf misses Dowan. Dowan closely misses your wolf.
Your wolf bites Dowan.
Dowan gestures wildly while chanting.
Dowan blinks!
Dowan mumbles some strange words.
Dowan blinks!
Dowan hits your rat with a +0 dagger.
Your rat dies!
Your rat's corpse disappears in a puff of smoke!
Dowan mumbles some strange words.
Dowan blinks!
Things that are here:
a +0 rapier; a +3 leather armour of poison resistance You swap places.
Unknown command.
You are too injured to fight recklessly!
Casting: Summon Small Mammal (safe; 1% risk of failure)
Confirm with . or Enter, or press ? or * to list all spells.
Your wolf closely misses Dowan.
Dowan says, "How can I live without her?"
Dowan casts a spell at your wolf. The stone arrow hits your wolf!
Your wolf dies!
Your wolf's corpse disappears in a puff of smoke!
Dowan points at your quokka and mumbles some strange words.
The shard of ice hits you!!
Ouch! That really hurt!
You die...

#.#....#.#
#.#......#
#.......##
.......######
#####.......####
#### #.##.......#
#.. #.##..#.#..#
#.#
#.##....##.#####.#
#. #..#.....@rr..#
#. #.#..e#.#####.#
#....[..##.# #.#
####.......# [.#
#.####### ##.# #.#
#.. .. .## #. . #
.


You could see Dowan (fast, ally target) and 2 friendly quokkas.

Vanquished Creatures
  A frilled lizard (D:2)
1 creature vanquished.

Vanquished Creatures (collateral kills)
  Pikel (D:5)
  A shadow (D:5)
  Eustachio (D:6)
  Duvessa (D:7)
  2 ice beasts
  A sky beast (D:6)
  2 black bears (D:6)
  2 ogres (D:6)
  A phantom (D:6)
  A lemure (D:5)
  4 scorpions
  2 water moccasin zombies (D:6)
  A water moccasin skeleton (D:4)
  2 jellies (D:6)
  3 wights (D:7)
  A howler monkey (D:4)
  A bullfrog zombie (D:5)
  A centaur zombie (D:5)
  2 gnoll shamans
  A hound (D:6)
  2 bullfrog skeletons
  2 centaur skeletons (D:6)
  Ijyb (D:5)
  3 iguanas
  2 orc wizards (D:4)
  A howler monkey zombie (D:6)
  12 adders
  18 gnolls
  A shadow imp (D:6)
  5 worms
  4 dart slugs
  8 orcs
  11 ball pythons
  4 bats
  11 endoplasms
  4 giant cockroaches
  10 goblins
  3 hobgoblins
  11 jackals
  3 quokkas
  6 frilled lizards
  8 kobolds
  5 rats
166 creatures vanquished.

Grand Total: 167 creatures vanquished

Notes
Turn   | Place    | Note
-------+----------+-------------------------------------------
     0 | D:1      | H0rd4k the Barachi Summoner began the quest for the Orb.
     0 | D:1      | Reached XP level 1. HP: 13/13 MP: 3/3
   110 | D:1      | Reached skill level 5 in Summonings
   412 | D:1      | Reached XP level 2. HP: 15/19 MP: 1/5
   479 | D:1      | Found a faded altar of an unknown god.
  1343 | D:1      | Reached XP level 3. HP: 3/24 MP: 0/7
  1347 | D:1      | Learned a level 3 spell: Call Canine Familiar
  3382 | D:3      | Reached XP level 4. HP: 25/30 MP: 2/8
  3386 | D:3      | Reached skill level 6 in Summonings
  4750 | D:3      | Reached XP level 5. HP: 35/35 MP: 8/10
  5744 | D:4      | Reached XP level 6. HP: 41/41 MP: 6/13
  6085 | D:4      | Found Jiuhog's Serpentskin Sales.
  6129 | D:4      | Bought 4 curare-tipped darts for 24 gold pieces
  6129 | D:4      | Bought 8 curare-tipped darts for 48 gold pieces
  6229 | D:4      | Reached skill level 7 in Summonings
  6749 | D:5      | Entered Level 5 of the Dungeon
  6773 | D:5      | Reached skill level 5 in Spellcasting
  7141 | D:5      | Noticed a shadow
  7173 | D:5      | Killed a shadow
  7406 | D:5      | Noticed Ijyb
  7437 | D:5      | Killed Ijyb
  7438 | D:5      | Reached XP level 7. HP: 46/46 MP: 8/14
  7442 | D:5      | Reached skill level 1 in Throwing
  7511 | D:5      | Found a staircase to the Ecumenical Temple.
  7539 | Temple   | Entered the Ecumenical Temple
  7579 | Temple   | Became a worshipper of Qazlal Stormbringer
  7967 | D:5      | Noticed Pikel
  8108 | D:5      | Killed Pikel
  8109 | D:5      | Reached skill level 8 in Summonings
  8447 | D:6      | Noticed Eustachio
  8482 | D:6      | Killed Eustachio
  8565 | D:6      | Reached XP level 8. HP: 50/52 MP: 14/17
  8980 | D:6      | Reached skill level 9 in Summonings
  9329 | D:6      | Reached skill level 1 in Fighting
 10247 | D:7      | Noticed Duvessa
 10247 | D:7      | Noticed Dowan
 10262 | D:7      | Killed Duvessa
 10262 | D:7      | Reached * piety under Qazlal
 10279 | D:7      | Killed from afar by Dowan

Illustrated notes

Levels and vault maps discovered:
D:1:      dpeg_arrival_brainrot, layout_basic, ebering_ecumenical_altar_hall,
          st_stairs_14, kennysheep_doodads, kennysheep_boxes
D:2:      layout_basic, serial_corexii_hall, corexii_hall_statues_i,
          corexii_hall_statues_x
D:3:      layout_basic, lightli_corner_chamber
D:4:      layout_loops_ring, guppyfry_shop_venom
D:5:      layout_loops_cross, minmay_temple_entry_large_hall, uniq_ijyb,
          uniq_pikel
D:6:      layout_gridville, uniq_eustachio
D:7:      layout_loops_cross, general_overflow_altar,
          hangedman_abyss_or_decor_stabs, minmay_misc_feat_iff, uniq_maggie,
          uniq_duvessa, uniq_prince_ribbit1
Temple:   compressed_dpeg_circular_temple

Skill      XL: |  1  2  3  4  5  6  7  8 |
---------------+-------------------------+-----
Summonings     | 5 6 7 8 9 |  9.7
Spellcasting   | 3 4 5 6 7 |  7.8
Throwing       | 1 2 |  2.4
Fighting       | 1 |  1.2
Dodging        | |  2.4
Stealth        | |  1.7

Action                   |  1- 3 |  4- 6 |  7- 9 || total
-------------------------+-------+-------+-------++-------
Melee: Unarmed           |     4 |     7 |       ||    11
 Cast: Summon Small Mamm |   140 |    93 |    83 ||   316
       Call Canine Famil |       |    45 |    57 ||   102
 Abil: Hop               |     1 |     1 |       ||     2
  Use: Potion            |       |     1 |       ||     1
Armor: Robe              |    28 |    28 |    16 ||    72
Dodge: Dodged            |    71 |    64 |    40 ||   175
